 Dungeon Crawl Stone Soup version 0.30-a0-639-g3916f1956a (webtiles) character file.

Game seed: 6917849568682936137

109 browni3141 the Sneak (level 5, 0/28 HPs)
             Began as a Kobold Brigand on Jan 15, 2023.
             Succumbed to an adder's poison
             ... on level 3 of the Dungeon.
             The game lasted 00:02:50 (2147 turns).

browni3141 the Sneak (Kobold Brigand)               Turns: 2147, Time: 00:02:51

Health: 0/28       AC:  6    Str:  8    XL:     5   Next: 13%
Magic:  1/5        EV: 16    Int: 12    God:
Gold:   87         SH:  0    Dex: 19    Spells: 0/4 levels left

rFire   + + .      SeeInvis +    g - +0 dagger (vamp)
rCold   + . .      Faith    .    (no shield)
rNeg    . . .      Spirit   .    b - +0 robe
rPois   +          Reflect  .    (no helmet)
rElec   +          Harm     .    c - +0 cloak
rCorr   +          Rampage  .    q - +0 pair of gloves
Will    .....                    (no boots)
Stlth   +++++                    (no amulet)
HPRegen 0.24/turn                p - ring of see invisible
MPRegen 0.09/turn                (no ring)

@: lethally poisoned (0 -> -1), resistant
A: small, no large weapons, nightstalker 3, iridescent scales 1, fire resistance
1, frail 1
a: no special abilities


You were on level 3 of the Dungeon.
You visited 1 branch of the dungeon, and saw 3 of its levels.

You collected 87 gold pieces.

Inventory:

Hand Weapons
 a - a +2 dagger
 g - a +0 vampiric dagger (weapon)
Missiles
 d - 6 poisoned darts
 e - a curare-tipped dart (quivered)
Armour
 b - a +0 robe (worn)
 c - a +0 cloak (worn)
 q - a +0 pair of gloves (worn)
Jewellery
 p - a ring of see invisible (left hand)
Scrolls
 i - a scroll of fear {unknown}
 j - 2 scrolls of identify {unknown}
 k - 2 scrolls of vulnerability {unknown}
 m - a scroll of amnesia {unknown}
 n - a scroll of immolation {unknown}
 o - a scroll of teleportation {unknown}
Potions
 l - a potion of lignification {unknown}


   Skills:
 + Level 2.8 Fighting
 + Level 3.5 Short Blades
 - Level 2.1 Throwing
 * Level 3.3 Dodging
 * Level 6.4 Stealth
 + Level 0.0 Spellcasting
 * Level 0.1 Hexes


You couldn't memorise any spells.
You knew the following spells:

 Your Spells              Type           Power      Damage    Failure   Level
a - Slow                  Hex            0%         N/A       32%         1
b - Confusing Touch       Hex            0%         N/A       67%         3

Your spell library contained the following spells:

 Spells                   Type           Power      Damage    Failure   Level
 Summon Small Mammal      Summ           0%         N/A       32%         1
 Summon Guardian Golem    Hex/Summ       0%         N/A       67%         3
 Call Canine Familiar     Summ           0%         N/A       69%         3
 Vampiric Draining        Necr           0%         2d6       69%         3


Dungeon Overview and Level Annotations

Branches:
Dungeon (3/15)

Altars:

Shops:
D:2 [

Annotations:
D:3 Sigmund


Innate Abilities, Weirdness & Mutations

You are small and have problems with some larger weapons.
You are completely attuned to the shadows.
You are partially covered in iridescent scales. (AC +2)
Your flesh is heat resistant. (rF+)
You are frail. (-10% HP)


Message History

The adder bites you but does no damage. The adder attacks as you move away!
The adder completely misses you. The adder closely misses you.
The adder attacks as you move away! The adder barely misses you.
Your magical contamination has completely faded away.
The adder attacks as you move away! The adder bites you.
You are poisoned.
The adder poisons you!
You feel sick.
You kill the adder!
Throw: 3 darts (curare)
Press: ? - help, Q - select action, (/) - cycle Shift-Dir - straight line, f - Sigmund
Aim: Sigmund, wielding a +0 scythe and wearing a +0 robe (slightly transparent, 60% to hit)
You throw a curare-tipped dart.
The curare-tipped dart closely misses Sigmund.
You feel sick.
Sigmund points at you and mumbles some strange words.
The puff of flame hits you!
* * * LOW HITPOINT WARNING * * *
Throw: 2 darts (curare)
Press: ? - help, Q - select action, (/) - cycle Shift-Dir - straight line, f/p - Sigmund
Aim: Sigmund, wielding a +0 scythe and wearing a +0 robe (slightly transparent, 60% to hit)
You throw a curare-tipped dart. The curare-tipped dart hits Sigmund.
Sigmund is poisoned.
Sigmund convulses.
Sigmund seems to slow down.
Sigmund is moderately wounded.
You feel sick.
Okay, then.
You feel sick.
You feel sick. Sigmund gestures at you while chanting. The magic dart hits you.
* * * LOW HITPOINT WARNING * * *
It was a potion of mutation.
You feel extremely strange.
Iridescent scales grow over part of your body.
You feel resistant to heat.
You feel frail.
* * * LOW HITPOINT WARNING * * *
You feel sick.
It was a potion of resistance.
You feel protected.
You die...

>......................
.#####.#..######.#.###
...................#
.##.##.#..######.#.#
.................#.#
.##.##.##.######.#.#
.##.##.##.# #.#.#
.##.##.##.# #.#.#
.##.#..#..# #@#.#
........... ####.#.#
......♣♣♣.. .......#
.....♣# . ####@###
.##..♣ #####(### .....♣
......#.##### .##...♣
#....(......# .##.....
#.###.#.###(# .##.##.#
# #.#.# #.#


You could see Sigmund (invisible, very poisoned, slow).

Vanquished Creatures
  Crazy Yiuf (D:2)
  2 adders
  4 dart slugs
  8 bats
  6 endoplasms
  3 giant cockroaches
  5 goblins
  5 hobgoblins
  6 kobolds
  3 quokkas
  A ball python (D:1)
  4 frilled lizards
  2 rats
50 creatures vanquished.

Vanquished Creatures (others)
  2 fungi (D:2)
2 creatures vanquished.

Grand Total: 52 creatures vanquished

Notes
Turn   | Place    | Note
-------+----------+-------------------------------------------
     0 | D:1      | browni3141 the Kobold Brigand began the quest for the Orb.
     0 | D:1      | Reached XP level 1. HP: 12/12 MP: 1/1
   111 | D:1      | Reached XP level 2. HP: 16/17 MP: 2/2
   443 | D:1      | Reached XP level 3. HP: 22/22 MP: 3/3
  1180 | D:2      | Reached skill level 6 in Stealth
  1223 | D:2      | Reached XP level 4. HP: 27/27 MP: 4/4
  1274 | D:2      | Found Pisaubb's Antique Armour Shop.
  1598 | D:2      | Found a runed translucent door.
  1601 | D:2      | Noticed Crazy Yiuf
  1815 | D:2      | Killed Crazy Yiuf
  1963 | D:3      | Reached XP level 5. HP: 32/32 MP: 5/5
  1967 | D:3      | Learned a level 1 spell: Slow
  1971 | D:3      | Learned a level 3 spell: Confusing Touch
  2112 | D:3      | Noticed Sigmund
  2146 | D:3      | Gained mutation: You are partially covered in iridescent
                  | scales. (AC +2) [potion of mutation]
  2146 | D:3      | Gained mutation: Your flesh is heat resistant. (rF+)
                  | [potion of mutation]
  2146 | D:3      | Gained mutation: You are frail. (-10% HP) [potion of
                  | mutation]
  2146 | D:3      | HP: 1/28 [poisoned by an adder]
  2147 | D:3      | Succumbed to an adder's poison

Illustrated notes

Levels and vault maps discovered:
D:1:      scummos_arrival_star, layout_basic, glass_columns_a
D:2:      layout_basic, serial_shops, nicolae_diamond_shop,
          uniq_crazy_yiuf_cottage
D:3:      layout_basic, gammafunk_temple_overflow_elements,
          minmay_stone_trees_small, uniq_sigmund

Skill      XL: |  1  2  3  4 |
---------------+-------------+-----
Short Blades   | 3 |  3.5
Dodging        | 2 3 |  3.3
Stealth        | 6 |  6.4
Fighting       | |  2.8
Throwing       | |  2.1
Hexes          | |  0.1

Action                   |  1- 3 |  4- 6 || total
-------------------------+-------+-------++-------
Melee: Dagger            |   121 |    58 ||   179
       Punch             |     1 |     1 ||     2
Throw: Dart              |       |     5 ||     5
 Cast: Slow              |       |     3 ||     3
  Use: Potion            |       |     2 ||     2
 Stab: Sleeping          |    15 |     8 ||    23
       Distracted        |       |     1 ||     1
Armor: Robe              |    15 |    19 ||    34
Dodge: Dodged            |    80 |    60 ||   140

Table legend: (Time is in decaauts)
 A = Elapsed time spent in this place.
 B = Non-inter-level travel time spent in this place.
 C = Inter-level travel time spent in this place.
 D = Time resting spent in this place.
 E = Time spent auto-exploring this place.
 F = Levels seen in this place.
 G = Mean time per level.
                   A        B        C        D        E       F      G
               +--------+--------+--------+--------+--------+-----+--------+
         Total |   2118 |   2063 |     55 |      0 |   1603 |   3 |  706.0 |
       Dungeon |   2118 |   2063 |     55 |      0 |   1603 |   3 |  706.0 |
               +--------+--------+--------+--------+--------+-----+--------+

Top non-repeatable levels by time:
     D:2: 943 daAuts
     D:1: 903 daAuts
     D:3: 271 daAuts
